 Dungeon Crawl Stone Soup version 0.26.1-11-gd32895ea62 (webtiles) character file.

Game seed: 18374382187930600364

12994 pascalblue the Thaumaturge (level 11, -13/54 HPs)
             Began as a Deep Elf Earth Elementalist on June 15, 2021.
             Was an Elder of Vehumet.
             Engulfed by a cloud of freezing vapour (24 damage)
             ... in an ice cave on June 16, 2021.
             The game lasted 00:52:43 (15036 turns).

pascalblue the Thaumaturge (DEEE)                  Turns: 15036, Time: 00:52:44

Health: -13/54     AC:  5    Str:  5    XL:     11   Next: 69%
Magic:  30/30      EV: 17    Int: 24    God:    Vehumet [****..]
Gold:   347        SH:  0    Dex: 15    Spells: 4/36 levels left

rFire    + . .     SeeInvis .   u - staff of earth
rCold    . . .     Faith    .   (no shield)
rNeg     . . .     Spirit   .   c - +2 robe
rPois    .         Reflect  .   (no helmet)
rElec    .         Harm     .   I - +0 cloak of the Guardian {rF+ Stlth+}
rCorr    .         Rampage  .   (no gloves)
Will     +....                  (no boots)
Stlth    +++.......             (no amulet)
HPRegen  0.18/turn              H - +4 ring of evasion
MPRegen  0.22/turn              (no ring)

@: no status effects
A: no striking features
a: Renounce Religion


You were in an ice cave.
You worshipped Vehumet.
Vehumet was greatly pleased with you.
You visited 1 branch of the dungeon, and saw 11 of its levels.
You also visited: Ice Cave.

You collected 565 gold pieces.
You spent 218 gold pieces at shops.

Inventory:

Hand Weapons
 a - a +4 dagger
 o - a -1 quarterstaff
 q - a +2 quarterstaff of chaos
 s - a +1 vorpal quarterstaff
 t - a +7 dagger of venom
 w - a +1 war axe of flaming
 z - the +10 arbalest of Bodily Harmony {freeze, rPois Str-2 Dex-5 SInv, unknown}
   (You found it in an ice cave)

   It causes projectiles fired from it to freeze those they strike, causing
   extra injury to most foes and up to half again as much damage against
   particularly susceptible opponents.
   They can also slow down cold-blooded creatures.
   It affects your strength (-2).
   It affects your dexterity (-5).
   It protects you from poison.
   It lets you see invisible.
Missiles
 b - 114 stones
 f - 60 poisoned darts
 m - 16 atropa-tipped darts
Armour
 c - a +2 robe (worn)
 r - a +1 cloak
 v - +0 swamp dragon scales
 A - a +1 cloak
 I - the +0 cloak of the Guardian (worn) {rF+ Stlth+}
   (You bought it in a shop on level 9 of the Dungeon)

   It protects you from fire.
   It makes you more stealthy.
Magical Staves
 u - an uncursed staff of earth (weapon)
 F - an uncursed staff of poison {unknown}
Jewellery
 H - a +4 ring of evasion (left hand)
Wands
 j - a wand of flame (81)
 p - a wand of polymorph (33)
 C - a wand of disintegration (12)
 E - a wand of enslavement (10)
Scrolls
 e - 5 scrolls of identify
 x - a scroll of fog
 y - 3 scrolls of remove curse
 B - 2 scrolls of fear
 D - a scroll of blinking
Potions
 d - a potion of cancellation
 g - 9 potions of curing
 h - 2 potions of degeneration
 i - a potion of might
 k - a potion of flight
 l - 2 potions of attraction


   Skills:
 - Level 2.4 Dodging
 - Level 2.4 Stealth
 * Level 13.4 Spellcasting
 + Level 7.9 Conjurations
 + Level 2.6 Summonings
 - Level 1.1 Transmutations
 + Level 6.4 Air Magic
 * Level 12.0 Earth Magic
 + Level 6.1 Evocations


You had 4 spell levels left.
You knew the following spells:

 Your Spells              Type           Power        Failure   Level
a - Sandblast             Erth           100%         1%          1
b - Stone Arrow           Conj/Erth      100%         1%          3
c - Lee's Rapid Deconstr  Erth           42%          1%          5
d - Shock                 Conj/Air       100%         1%          1
e - Swiftness             Air            47%          1%          2
f - Static Discharge      Conj/Air       50%          1%          3
g - Searing Ray           Conj           100%         1%          2
h - Lightning Bolt        Conj/Air       25%          1%          5
i - Mephitic Cloud        Conj/Pois/Air  39%          1%          3
j - Summon Ice Beast      Ice/Summ       22%          22%         4
k - Frozen Ramparts       Ice            32%          3%          3

Your spell library contained the following spells:

 Spells                   Type           Power        Failure   Level
 Foxfire                  Conj/Fire      100%         1%          1
 Summon Small Mammal      Summ           100%         1%          1
 Call Imp                 Summ           28%          1%          2
 Passwall                 Tmut/Erth      52%          1%          2
 Conjure Flame            Conj/Fire      35%          1%          3
 Airstrike                Air            23%          1%          4
 Beastly Appendage        Tmut           42%          2%          1
 Petrify                  Tmut/Erth      63%          2%          4
 Sticky Flame             Conj/Fire      35%          2%          4
 Wereblood                Tmut           21%          3%          2
 Call Canine Familiar     Summ           28%          3%          3
 Inner Flame              Hex/Fire       16%          3%          3
 Summon Lightning Spire   Summ/Air       38%          5%          4
 Summon Guardian Golem    Hex/Summ       22%          6%          3
 Spider Form              Tmut/Pois      9%           9%          3
 Ice Form                 Ice/Tmut       18%          30%         4
 Fireball                 Conj/Fire      17%          5%          5
 Blade Hands              Tmut           10%          54%         5


Dungeon Overview and Level Annotations

Branches:
Dungeon (11/15)            Temple (0/1) D:6            Lair (0/6) D:11
    Orc (0/2) D:9           IceCv (1/1)

Altars:
Ashenzari
Nemelex Xobeh
Okawaru
Qazlal
Ru
Uskayaw
Vehumet
Wu Jian
Zin
The Shining One

Shops:
D:7 *   D:9 *

Portals:
Trove: D:10 (give +5 demon whip)

Annotations:
D:8 2 transporters, 1 runed translucent door, Zeld's ghost, novice MiBe IceCv exclusion: 2 ice statues


Message History

Magic restored.
You start resting.
HP restored.
You see here a +0 scythe of freezing.
Found a long jewelled staff, 29 stones and a slimy arbalest.
Found a glaive of freezing and a crystal plate armour of cold resistance.
You see here a slimy arbalest.
z - a slimy arbalest You are engulfed in freezing vapours.
You see here a long jewelled staff.
F - a long jewelled staff You are engulfed in freezing vapours.
You are engulfed in freezing vapours.
* * * LOW HITPOINT WARNING * * *
You see here 29 stones.
You feel much better.
You are engulfed in freezing vapours.
You are engulfed in freezing vapours.
* * * LOW HITPOINT WARNING * * *
You are engulfed in freezing vapours.
You die...

#...#
##°........#....☼.....
#...#
##...###..#..###....
...## #####....#.....#
...## #......#.....#
....## ##.##......###
.∩...# #####.§§§.#####
.....# #...###§###§..#
.∩..## #.[...§§○§☼.○.#
...## #...##@§§##§§§#
#### ## ##### ##


There were no monsters in sight!

Vanquished Creatures
  A reaper (IceCv)
  2 two-headed ogres
  Urug (D:11)
  Sonja (D:10)
  An unseen horror (D:10)
  Joseph (D:10)
  2 gargoyles (D:10)
  Maggie (D:6)
  7 ice devils (IceCv)
  3 trolls
  Sigmund (D:5)
  A wyvern (D:11)
  Menkaure (D:4)
  Eustachio (D:4)
  2 basilisks (D:11)
  4 water moccasins (D:11)
  Duvessa (D:5)
  An orc warrior (D:8)
  13 ice beasts
  2 sky beasts
  An ogre (D:8)
  A phantom (D:11)
  2 black bears
  4 wolves (D:11)
  4 centaurs
  5 bullfrogs
  Dowan (D:5)
  2 scorpions
  7 howler monkeys
  4 wights (D:10)
  A centaur zombie (D:9)
  A bullfrog zombie (D:10)
  2 quasits
  Crazy Yiuf (D:5)
  4 hounds
  2 orc priests
  2 centaur skeletons
  3 iguanas
  Natasha (D:4)
  3 orc wizards
  7 worker ants
  A hound zombie (D:5)
  A hound skeleton (D:10)
  A worker ant zombie (D:5)
  Robin (D:4)
  A gnoll (D:3)
  A howler monkey skeleton (D:7)
  16 adders
  A shadow imp (D:9)
  8 white imps
  9 ufetubi (IceCv)
  An adder zombie (D:10)
  2 adder skeletons
  2 dart slugs
  A worm (D:2)
  4 leopard geckos
  24 orcs
  13 bats
  5 giant cockroaches
  20 goblins
  10 hobgoblins
  7 jackals
  7 kobolds
  3 quokkas
  3 ball pythons
  4 frilled lizards
  A leopard gecko zombie (D:7)
  2 rats
254 creatures vanquished.

Vanquished Creatures (others)
  4 white imps (IceCv)
  3 ufetubi (IceCv)
  4 fungi (D:11)
  15 plants (D:11)
26 creatures vanquished.

Grand Total: 280 creatures vanquished

Notes
Turn   | Place    | Note
-------+----------+-------------------------------------------
     0 | D:1      | pascalblue the Deep Elf Earth Elementalist began the quest
                  | for the Orb.
     0 | D:1      | Reached XP level 1. HP: 10/10 MP: 6/6
    91 | D:1      | Reached XP level 2. HP: 14/15 MP: 2/8
   870 | D:1      | Reached XP level 3. HP: 17/19 MP: 10/10
  1795 | D:2      | Reached skill level 4 in Spellcasting
  1909 | D:2      | Found a glowing golden altar of the Shining One.
  2292 | D:2      | Learned a level 3 spell: Stone Arrow
  2409 | D:2      | Reached XP level 4. HP: 24/24 MP: 10/12
  2599 | D:3      | Reached skill level 5 in Earth Magic
  2894 | D:3      | Reached skill level 1 in Conjurations
  3357 | D:4      | Reached XP level 5. HP: 28/28 MP: 10/13
  3392 | D:4      | Noticed Eustachio
  3401 | D:4      | Learned a level 5 spell: Lee's Rapid Deconstruction
  3773 | D:4      | Killed Eustachio
  3774 | D:4      | Reached skill level 5 in Spellcasting
  3774 | D:4      | Reached XP level 6. HP: 12/32 MP: 4/16
  4362 | D:4      | Found a radiant altar of Vehumet.
  4375 | D:4      | Became a worshipper of Vehumet
  4501 | D:4      | Found a hide-covered altar of Uskayaw.
  4504 | D:4      | Noticed a +0 hand axe
  4506 | D:4      | Noticed a +0 dagger
  4507 | D:4      | Reached skill level 6 in Spellcasting
  4545 | D:4      | Noticed Menkaure
  4551 | D:4      | Killed Menkaure
  4552 | D:4      | Reached XP level 7. HP: 19/36 MP: 14/18
  4909 | D:4      | Noticed Robin
  4998 | D:4      | Killed Robin
  5009 | D:4      | Reached * piety under Vehumet
  5009 | D:4      | Offered knowledge of Shock by Vehumet.
  5015 | D:4      | Learned a level 1 spell: Shock
  5250 | D:4      | Noticed Natasha
  5254 | D:4      | Killed Natasha
  5408 | D:5      | Entered Level 5 of the Dungeon
  5416 | D:5      | Noticed Sigmund
  5424 | D:5      | Killed Sigmund
  5425 | D:5      | Reached skill level 7 in Spellcasting
  5425 | D:5      | Reached skill level 1 in Air Magic
  5712 | D:5      | Found a runed translucent door.
  5713 | D:5      | Noticed Crazy Yiuf
  5718 | D:5      | Killed Crazy Yiuf
  5898 | D:5      | Reached XP level 8. HP: 38/41 MP: 15/21
  6193 | D:5      | Noticed Dowan
  6195 | D:5      | Noticed Duvessa
  6215 | D:5      | Killed Duvessa
  6216 | D:5      | Reached skill level 8 in Spellcasting
  6217 | D:5      | Killed Dowan
  7015 | D:6      | Found a staircase to the Ecumenical Temple.
  7043 | D:6      | Found a radiant altar of Vehumet.
  7184 | D:6      | Noticed Maggie
  7196 | D:6      | Killed Maggie
  7197 | D:6      | Reached skill level 9 in Spellcasting
  7294 | D:6      | Learned a level 2 spell: Swiftness
  7298 | D:6      | Learned a level 3 spell: Static Discharge
  7551 | D:6      | Found a broken altar of Ashenzari.
  7591 | D:6      | Reached skill level 5 in Conjurations
  7591 | D:6      | Reached skill level 1 in Evocations
  7591 | D:6      | Reached XP level 9. HP: 36/45 MP: 14/24
  7657 | D:6      | Offered knowledge of Searing Ray by Vehumet.
  7661 | D:6      | Learned a level 2 spell: Searing Ray
  7800 | D:7      | Reached ** piety under Vehumet
  7898 | D:7      | Found a stormy altar of Qazlal.
  8218 | D:7      | Found Neroqiu's Assorted Antiques.
  8225 | D:7      | Learned a level 5 spell: Lightning Bolt
  8482 | D:7      | Found a glowing silver altar of Zin.
  8581 | D:7      | Found an iron altar of Okawaru.
  8581 | D:7      | Found a sacrificial altar of Ru.
  9201 | D:8      | Found a broken altar of Ashenzari.
  9202 | D:8      | Found an ornate altar of the Wu Jian Council.
  9208 | D:8      | Found a stormy altar of Qazlal.
  9370 | D:8      | Found a transporter.
  9374 | D:8      | Noticed Zeld's ghost (novice MiBe)
  9375 | D:8      | Noticed a moth of wrath
  9509 | D:8      | Found a runed translucent door.
  9509 | D:8      | Found a glowing silver altar of Zin.
  9509 | D:8      | Noticed an angel
  9552 | D:8      | Found a radiant altar of Vehumet.
  9560 | D:8      | Reached skill level 10 in Spellcasting
  9725 | D:8      | Found a glowing golden altar of the Shining One.
 10007 | D:8      | Found a sparkling altar of Nemelex Xobeh.
 10230 | D:8      | Found a transporter.
 10404 | D:9      | Noticed a troll
 10413 | D:9      | Killed a troll
 10689 | D:9      | Found a staircase to the Orcish Mines.
 10699 | D:9      | Noticed a two-headed ogre
 10708 | D:9      | Killed a two-headed ogre
 10733 | D:9      | Reached skill level 10 in Earth Magic
 10739 | D:9      | Reached XP level 10. HP: 20/50 MP: 5/26
 10892 | D:9      | Reached skill level 11 in Spellcasting
 11302 | D:9      | Found Wuatt's Assorted Antiques.
 11309 | D:9      | Bought a bloodstained cloak for 218 gold pieces
 11319 | D:9      | Identified the cursed +0 cloak of the Guardian {rF+ Stlth+}
                  | (You bought it in a shop on level 9 of the Dungeon)
 11766 | D:9      | Offered knowledge of Ignite Poison by Vehumet.
 12288 | D:10     | Entered Level 10 of the Dungeon
 12320 | D:10     | Noticed Sonja
 12321 | D:10     | Killed Sonja
 12382 | D:10     | Found a portal to a secret trove of treasure.
 12410 | D:10     | Noticed a two-headed ogre
 12417 | D:10     | Killed a two-headed ogre
 12418 | D:10     | Reached skill level 5 in Air Magic
 12540 | D:10     | Reached *** piety under Vehumet
 12579 | D:10     | Noticed a gargoyle
 12583 | D:10     | Killed a gargoyle
 12753 | D:10     | Killed an unseen horror
 12754 | D:10     | Reached skill level 12 in Spellcasting
 13151 | D:10     | Noticed a gargoyle
 13152 | D:10     | Killed a gargoyle
 13153 | D:10     | Reached skill level 5 in Evocations
 13296 | D:10     | Noticed Joseph
 13308 | D:10     | Killed Joseph
 13309 | D:10     | Reached XP level 11. HP: 54/54 MP: 9/29
 13529 | D:11     | Noticed a five-headed hydra
 13560 | D:11     | Offered knowledge of Mephitic Cloud by Vehumet.
 13562 | D:11     | Noticed Urug
 13565 | D:11     | Killed Urug
 13638 | D:11     | Learned a level 3 spell: Mephitic Cloud
 13643 | D:11     | Learned a level 4 spell: Summon Ice Beast
 13829 | D:11     | Reached skill level 1 in Summonings
 13950 | D:11     | Found a staircase to the Lair.
 14031 | D:11     | Found a frozen archway.
 14055 | D:11     | Reached **** piety under Vehumet
 14074 | D:11     | Reached skill level 13 in Spellcasting
 14088 | IceCv    | Entered an ice cave
 14172 | IceCv    | Offered knowledge of Frozen Ramparts by Vehumet.
 14177 | IceCv    | Learned a level 3 spell: Frozen Ramparts
 14759 | IceCv    | Noticed a reaper
 14780 | IceCv    | Killed a reaper
 15030 | IceCv    | Got a slimy arbalest
 15036 | IceCv    | Engulfed by a cloud of freezing vapour

Illustrated notes

Levels and vault maps discovered:
D:1:      shiori_shiawase, layout_loops_ring, minmay_misc_feat_room
D:2:      layout_loops_corners, general_overflow_altar
D:3:      minmay_diamond_boxcup, layout_basic
D:4:      layout_gridville, kennysheep_little_box, dancing_weapons_uskayaw,
          uniq_menkaure, uniq_robin, uniq_eustachio, uniq_natasha
D:5:      layout_layer_cave, st_stairs_2, uniq_duvessa, uniq_sigmund,
          uniq_crazy_yiuf_cottage
D:6:      layout_basic, minmay_temple_entry_from_below_a, basic_altar,
          vehumet_altar_wand_db, uniq_maggie
D:7:      layout_layer_cave, kennysheep_mini_moat,
          gammafunk_temple_overflow_wave, basic_altar, serial_shops,
          nicolae_shop_waterfront
D:8:      layout_basic, nemelex_altar_shiori, grunt_temple_overflow_open,
          gammafunk_ghost_berserking_beasts, hangedman_feature_mirror,
          lemuel_angel_altar
D:9:      layout_layer_cave, orc_0_dummy, serial_shops, nicolae_shop_stone
D:10:     layout_roguey, nicolae_trove_entry_free_sample, uniq_joseph,
          uniq_sonja
D:11:     layout_basic, minmay_lair_entry_grove,
          portal_ice_cave_entry_ice_beasts, uniq_urug
IceCv:    ice_cave_small_demon

Skill      XL: |  1  2  3  4  5  6  7  8  9 10 11 |
---------------+----------------------------------+-----
Earth Magic    | 4 5 6 7 8 10 11 12 | 12.0
Spellcasting   | 4 5 6 7 9 10 12 13 | 13.4
Conjurations   | 1 2 3 5 6 7 |  7.9
Air Magic      | 1 3 4 5 6 |  6.4
Evocations     | 1 3 5 6 |  6.1
Summonings     | 2 |  2.6
Dodging        | |  2.4
Stealth        | |  2.4
Transmutations | |  1.1

Action                   |  1- 3 |  4- 6 |  7- 9 | 10-12 || total
-------------------------+-------+-------+-------+-------++-------
Melee: Dagger            |   116 |    27 |       |       ||   143
       Quarterstaff      |       |    70 |    22 |       ||    92
       Staff             |       |       |     5 |       ||     5
 Cast: Sandblast         |    16 |    37 |    84 |    62 ||   199
       Stone Arrow       |       |       |     5 |     1 ||     6
       Shock             |       |       |   142 |   103 ||   245
       Lee's Rapid Decon |       |       |     8 |    54 ||    62
       Swiftness         |       |       |     1 |     1 ||     2
       Lightning Bolt    |       |       |       |    13 ||    13
  Use: Scroll            |     5 |     7 |     8 |     7 ||    27
       Potion            |     1 |       |     2 |     5 ||     8
 Stab: Sleeping          |     2 |     4 |       |       ||     6
Armor: Robe              |    25 |    36 |    14 |     2 ||    77
Dodge: Dodged            |    94 |   133 |    46 |    44 ||   317
